 Dungeon Crawl Stone Soup version bcrawl-1.39.1 (webtiles) character file.

Game seed: 11887187844468197822

224522 Finalfun the Covert (level 9, -4/93 HPs)
             Began as an Octopode Berserker on Sept 22, 2023.
             Was a Priest of Trog.
             Slain by a bullfrog (8 damage)
             ... on level 8 of the Dungeon on Sept 23, 2023.
             The game lasted 00:18:03 (8181 turns).

Finalfun the Covert (Octopode Berserker)            Turns: 8181, Time: 00:18:03

Health: -4/93      AC:  1    Str: 24    XL:     9   Next: 61%
Magic:  9/9        EV: 15    Int: 10    God:    Trog [***...]
Gold:   579        SH:  0    Dex: 11    Spells: 8/8 levels left

rFire    . . .     GDR:     23% a - +0 spear
rCold    . . .     SeeInvis .   (no shield)
rNeg     + . .     Gourm    .   (helmet restricted)
rPois    +         Faith    .   (cloak restricted)
rElec    .         Spirit   .   b - amulet of the acrobat
rCorr    .         Reflect  .   p - ring of poison resistance
MR       +++..                  (no ring)
Stlth    ..........             q - ring of positive energy
HPRegen  0.25/turn              (no ring)
MPRegen  0.11/turn              (no ring)
                                (no ring)
                                (no ring)
                                (no ring)

@: berserking (expiring), very quick
A: almost no armour, stealthy swim, resist paralysis, amphibious, 8 rings,
constrict 8, camouflage 1, gelatinous body 1
a: Berserk, Trog's Hand, Renounce Religion


You were on level 8 of the Dungeon.
You worshipped Trog.
Trog was most pleased with you.
You were not hungry.

You visited 1 branch of the dungeon, and saw 8 of its levels.
You also visited: Ossuary.

You collected 579 gold pieces.

Inventory:

Hand Weapons
 a - a +0 spear (weapon)
Missiles
 g - 828 stones (quivered)
Jewellery
 b - an amulet of the acrobat (around mantle)
 f - an uncursed amulet of magic regeneration
 p - a ring of poison resistance (left tentacle)
 q - a ring of positive energy (on tentacle)
Wands
 r - a wand of charming (11)
 u - a wand of digging (3)
Scrolls
 c - 3 scrolls of fog
 d - 2 scrolls of immolation
 h - 6 scrolls of remove curse
 l - 3 scrolls of revelation
 n - a scroll of fear {unknown}
 o - 2 scrolls of blinking
 v - a scroll of teleportation {unknown}
 x - a scroll of enchant armour {unknown}
Potions
 j - 2 potions of flight
 k - 5 potions of curing
 m - a potion of berserk rage {unknown}
 s - 2 potions of might
 t - 3 potions of cancellation
 z - a potion of mutation
 A - 5 potions of ambrosia
Comestibles
 e - 7 rations {!d}


   Skills:
 - Level 6.0 Fighting
 + Level 8.9 Polearms
 - Level 6.0 Dodging
 - Level 9.0 Stealth


You had 8 spell levels left.
You didn't know any spells.
Your spell library was empty.

Dungeon Overview and Level Annotations

Branches:
Dungeon (8/12)             Temple (0/1) D:4            Lair (0/6) D:8
    Orc: D:8-11

Altars:
Fedhas
Gozag
Hepliaklqana
Okawaru
Sif Muna
Trog

Shops:
D:4 [   D:5 [   D:7 [

Annotations:
D:5 1 runed door


Innate Abilities, Weirdness & Mutations

You cannot wear most types of armour.
You are very stealthy in the water. (Stealth+)
Your unusual nervous system resists paralysis.
You are amphibious.
You can wear up to eight rings at the same time.
You can use your tentacles to constrict eight enemies at once.
Your skin changes colour to match your surroundings (Stealth+).
Your rubbery body absorbs attacks. (AC +1, EV +1)


Message History

The porcupine twitches its whiskers.
You hit the porcupine. Your squeeze misses the porcupine.
The porcupine is heavily wounded.
The crocodile bites the fungus!
You are struck by the porcupine's spines.
* * * LOW HITPOINT WARNING * * *
You puncture the porcupine!
You kill the porcupine!
Trog accepts your kill.
The bullfrog hits the fungus.
The porcupine bites you.
* * * LOW HITPOINT WARNING * * *
The crocodile closely misses you.
You are struck by the porcupine's spines.
* * * LOW HITPOINT WARNING * * *
You closely miss the porcupine. You squeeze the porcupine!
You kill the porcupine!
Trog accepts your kill.
You closely miss the bullfrog. Your grab misses the bullfrog.
Your squeeze misses the bullfrog. The bullfrog hits you!
You die...

,,,,,,,,,,,,**,,,,,,,,,,,,,*,**
,,,,,,,,,,,,,#...P.P.PP.,,,,,,*
,,,,,,,,,,,,,#..P..P..PP,,,,*,*
,,,,,,,,,,,,,#....P..PPP,,,,,,**
,,,,,,**,,,,*#...P.PP...,,,,,,,*
,,,,,,**,,,,*#..P.PP...P,,,,,,,*
,,,,,,,,,,,,,#..PPP.PP..,,,,,,,*
,,,,..**,,,,*#.PPP.P..P.,,,,,,,*
>,,,..########..@F.PP>P.,,,,,,,*
,.............P†Pt.PP..P,,,,,,,*
............##..PhP..PP.,,,,,,**
......##...!##†PPPPP.P..,,,,,,*
......##......?...PP..PP,,,,,**
..................PP....,,,,,*
................P..P.P.P,,,,**
............###....PPPPP,,,,*
....#.#.....#*.....P...,,,,**


You could see a crocodile, a black bear and a bullfrog.

Vanquished Creatures
  2 komodo dragons
  A hippogriff (D:7)
  A crocodile (D:8)
  2 porcupines (D:8)
  3 ice beasts
  2 phantoms
  A necrophage (D:6)
  A bullfrog (D:8)
  2 elf zombies (Ossuary)
  A wyvern skeleton (D:6)
  A howler monkey (D:4)
  An orc priest (D:6)
  2 crimson imps
  3 hounds
  3 jellies
  A human zombie (Ossuary)
  An iguana (D:6)
  A worker ant (D:3)
  A hound zombie (D:5)
  2 mummies (Ossuary)
  11 adders
  8 gnolls
  A howler monkey skeleton (D:4)
  A centaur zombie (Ossuary)
  An adder zombie (D:5)
  An adder skeleton (D:5)
  A worm (D:3)
  3 dart slugs
  6 leopard geckos
  18 orcs
  A ball python (D:1)
  7 bats
  3 giant cockroaches (D:3)
  4 goblins
  9 hobgoblins
  27 jackals
  13 kobolds
  3 quokkas
  A ball python skeleton (D:4)
  3 frilled lizards
  2 goblin zombies (Ossuary)
  10 hobgoblin zombies (Ossuary)
  A jackal zombie (Ossuary)
  12 kobold zombies (Ossuary)
  6 orc zombies (Ossuary)
  5 rats
  2 rat zombies (Ossuary)
192 creatures vanquished.

Vanquished Creatures (others)
  4 fungi (D:8)
  A plant (D:8)
5 creatures vanquished.

Grand Total: 197 creatures vanquished

Notes
Turn   | Place    | Note
-------+----------+-------------------------------------------
     0 | D:1      | Finalfun the Octopode Berserker began the quest for the
                  | Orb.
     0 | D:1      | Reached XP level 1. HP: 16/16 MP: 1/1
    43 | D:1      | Reached skill level 1 in Stealth
    97 | D:1      | Reached skill level 2 in Stealth
    97 | D:1      | Reached XP level 2. HP: 17/21 MP: 2/2
   189 | D:1      | Reached skill level 3 in Stealth
   646 | D:1      | Reached XP level 3. HP: 26/26 MP: 3/3
   657 | D:1      | Reached skill level 4 in Stealth
   780 | D:1      | Reached ** piety under Trog
   949 | D:2      | Found a shimmering blue altar of Sif Muna.
  1009 | D:2      | Found a blossoming altar of Fedhas.
  1093 | D:2      | Reached skill level 5 in Stealth
  1096 | D:2      | Reached XP level 4. HP: 31/31 MP: 4/4
  1928 | D:3      | Reached skill level 6 in Stealth
  1932 | D:3      | Reached XP level 5. HP: 36/36 MP: 5/5
  2429 | D:3      | Reached XP level 6. HP: 32/42 MP: 6/6
  2627 | D:3      | Reached *** piety under Trog
  2631 | D:3      | Reached skill level 5 in Polearms
  2912 | D:4      | Found an iron altar of Okawaru.
  2914 | D:4      | Noticed a phantom
  2916 | D:4      | Found Noledd's Antique Armour Shop.
  3221 | D:4      | Found a bloodstained altar of Trog.
  3261 | D:4      | Found a staircase to the Ecumenical Temple.
  3492 | D:4      | Noticed a komodo dragon
  3503 | D:4      | Killed a komodo dragon
  3504 | D:4      | Reached skill level 5 in Fighting
  3504 | D:4      | Reached XP level 7. HP: 7/50 MP: 7/7
  4046 | D:5      | Entered Level 5 of the Dungeon
  4065 | D:5      | Found an opulent altar of Gozag.
  4075 | D:5      | Found an opulent altar of Gozag.
  4075 | D:5      | Found an opulent altar of Gozag.
  4170 | D:5      | Reached XP level 8. HP: 24/57 MP: 8/8
  4474 | D:5      | Found an opulent altar of Gozag.
  4731 | D:5      | Found Esih's Antique Armour Shoppe.
  4869 | D:5      | Found a runed door.
  5521 | D:6      | Reached skill level 5 in Dodging
  6138 | D:7      | Found Zoalue's Armour Shop.
  6149 | D:7      | Reached skill level 7 in Stealth
  6317 | D:7      | Reached skill level 8 in Stealth
  6750 | D:7      | Found a faded altar of an unknown god.
  6750 | D:7      | Found a hazy altar of Hepliaklqana.
  6750 | D:7      | Found a faded altar of an unknown god.
  6752 | D:7      | Found a faded altar of an unknown god.
  6969 | D:7      | Noticed a hippogriff
  6980 | D:7      | Killed a hippogriff
  6981 | D:7      | Reached skill level 9 in Stealth
  6981 | D:7      | Reached XP level 9. HP: 62/62 MP: 9/9
  7489 | D:8      | Found a sand-covered staircase.
  7506 | Ossuary  | Entered an ossuary
  8142 | D:8      | Found a staircase to the Lair.
  8150 | D:8      | Noticed a komodo dragon
  8169 | D:8      | Killed a komodo dragon
  8180 | D:8      | HP: 4/93 [porcupine's spines (11)]
  8181 | D:8      | Slain by a bullfrog

Skill      XL: |  1  2  3  4  5  6  7  8  9 |
---------------+----------------------------+-----
Stealth        | 2 3 5 6 9 |  9.0
Polearms       | 4 6 8 |  8.9
Fighting       | 5 6 |  6.0
Dodging        | 6 |  6.0

Action                   |  1- 3 |  4- 6 |  7- 9 || total
-------------------------+-------+-------+-------++-------
Melee: Spear             |    78 |   174 |   311 ||   563
       Constrict         |    12 |    39 |    52 ||   103
       Tentacles         |     7 |    28 |    51 ||    86
Throw: Stone             |     3 |     6 |    28 ||    37
Invok: Berserk           |     4 |     2 |    10 ||    16
  Use: Potion            |       |     1 |       ||     1
       Scroll            |       |     3 |     9 ||    12
 Stab: Sleeping          |     4 |    15 |    17 ||    36
       Distracted        |     1 |     1 |       ||     2
  Eat: Chunk             |     5 |    13 |     8 ||    26
       Ration            |       |       |     6 ||     6
Armor: Skin              |     6 |     7 |     2 ||    15
Dodge: Dodged            |    28 |    63 |    75 ||   166
